 Dungeon Crawl Stone Soup version 0.29-a0-1039-gfc20370e89 (webtiles) character file.

Game seed: 18177426556352363876

11 BritishOli the Trooper (level 2, 22/24 HPs)
             Began as a Demonspawn Fighter on Aug 15, 2022.
             Got out of the dungeon alive.
             The game lasted 00:00:16 (334 turns).

BritishOli the Trooper (Demonspawn Fighter)          Turns: 334, Time: 00:00:17

Health: 22/24      AC:  6    Str: 16    XL:     2   Next: 13%
Magic:  2/2        EV:  8    Int:  9    God:
Gold:   41         SH:  4    Dex: 12    Spells: 1/1 levels left

rFire   . . .      SeeInvis .   a - +0 long sword
rCold   . . .      Faith    .   c - +0 buckler
rNeg    . . .      Spirit   .   b - +0 scale mail
rPois   .          Reflect  .   (no helmet)
rElec   .          Harm     .   (no cloak)
rCorr   .          Rampage  .   (no gloves)
Will    .....                   (no boots)
Stlth   ..........              (no amulet)
HPRegen 0.08/turn               (no ring)
MPRegen 0.16/turn               (no ring)

@: no status effects
A: magic regeneration
a: no special abilities


You escaped.
You visited 1 branch of the dungeon, and saw 1 of its levels.

You collected 41 gold pieces.

Inventory:

Hand Weapons
 a - a +0 long sword (weapon)
Armour
 b - a +0 scale mail (worn)
 c - a +0 buckler (worn)
Scrolls
 f - a scroll of teleportation {unknown}
Potions
 d - a potion of might
 e - a potion of attraction {unknown}
 g - a potion of ambrosia {unknown}


   Skills:
 + Level 3.1 Fighting
 + Level 2.0 Long Blades
 + Level 2.8 Armour
 + Level 2.9 Shields


You had one spell level left.
You didn't know any spells.
Your spell library was empty.

Dungeon Overview and Level Annotations

Branches:
Dungeon (1/15)

Altars:


Innate Abilities, Weirdness & Mutations

You regenerate magic rapidly.


Message History

There are monsters nearby!
You barely miss the giant cockroach.
The giant cockroach bites you but does no damage.
You block the kobold's attack.
The giant cockroach bites you but does no damage.
There are monsters nearby!
You hit the giant cockroach but do no damage.
The kobold hits you but does no damage.
The giant cockroach bites you but does no damage.
The kobold hits you with a +0 short sword.
There are monsters nearby!
You barely miss the giant cockroach.
The giant cockroach bites you but does no damage.
The kobold hits you but does no damage.
The giant cockroach bites you but does no damage.
There are monsters nearby!
You hit the giant cockroach.
You kill the giant cockroach!
You block the kobold's attack. The kobold barely misses you.
A kobold is nearby!
You closely miss the kobold. You block the kobold's attack.
A kobold is nearby!
You hit the kobold.
The kobold is severely wounded.
You block the kobold's attack.
You hit the kobold.
You kill the kobold!
Key pressed, stopping explore.
No target in view!
No target in view!
No target in view!
No target in view!
Found 6 gold pieces.
Things that are here:
a +0 club; a rat skeleton
Things that are here:
a +0 whip; 5 stones; a bat skeleton
There is a staircase leading out of the dungeon here.
Are you sure you want to leave the Dungeon?
This will make you lose the game!
You have escaped!

.#### ...### .....#
##...## ####..#..####
#...........#
#...........#
#.⌠...@...⌠.#######
#...........#.....#
#...........#....##
##..#####..##.....#
.## #...# #.[.#...##.#
...$#...###...#......#
....##)..#...##....###
.....##))...##......#
......#...###.....#.#


There were no monsters in sight!

Vanquished Creatures
  A giant cockroach (D:1)
  3 goblins (D:1)
  2 kobolds (D:1)
  2 ball pythons (D:1)
  A bat (D:1)
  A rat (D:1)
10 creatures vanquished.

Notes
Turn   | Place    | Note
-------+----------+-------------------------------------------
     0 | D:1      | BritishOli the Demonspawn Fighter began the quest for the
                  | Orb.
     0 | D:1      | Reached XP level 1. HP: 18/18 MP: 1/1
   304 | D:1      | Gained mutation: You regenerate magic rapidly. [demonic
                  | ancestry]
   304 | D:1      | Reached XP level 2. HP: 22/24 MP: 2/2
   334 | D:$      | Got out of the dungeon alive.

Illustrated notes

Levels and vault maps discovered:
D:1:      dpeg_arrival_arbitrary_c, layout_rooms,
          shapermc_ecumenical_altar_mp_ritualfount, chequers_garden,
          chequers_serial_rivers_micro_d

Skill      XL: |  1 |
---------------+----+-----
Long Blades    | 2 |  2.0
Fighting       | |  3.1
Armour         | |  2.8
Shields        | |  2.9

Action                   || total
-------------------------++-------
Melee: Long sword        ||    36
Armor: Scale mail        ||    27
Dodge: Dodged            ||    23
Block: Buckler           ||    16

Table legend: (Time is in decaauts)
 A = Elapsed time spent in this place.
 B = Non-inter-level travel time spent in this place.
 C = Inter-level travel time spent in this place.
 D = Time resting spent in this place.
 E = Time spent auto-exploring this place.
 F = Levels seen in this place.
 G = Mean time per level.
                   A        B        C        D        E       F      G
               +--------+--------+--------+--------+--------+-----+--------+
         Total |    347 |    325 |     22 |      0 |    257 |   1 |  347.0 |
       Dungeon |    347 |    325 |     22 |      0 |    257 |   1 |  347.0 |
               +--------+--------+--------+--------+--------+-----+--------+

Top non-repeatable levels by time:
     D:1: 347 daAuts
